ITL
AMARILLO ARCHDUKES @ RICHMOND FLAIRS
09/02/2028
 
TOP OF THE 1ST
Amarillo Archdukes batting - Pitching for Richmond Flairs : RHP Jack Walker
Pitching: RHP Jack Walker
Batting: SHB Álex Hernández 0-0: Ball
1-0: Ball
2-0: Ground out U3 (Groundball, 34S)
Batting: LHB Edwin Ryan 0-0: Foul Ball, location: 2F
0-1: Called Strike
0-2: Ball
1-2: Ball
2-2: Fly out, F4 (Popup, 4D)
Batting: LHB Michael Cook 0-0: Swinging Strike
0-1: Ball
1-1: Ball
2-1: Foul Ball, location: 2F
2-2: Ground out 6-3 (Groundball, 6)
Top of the 1st over - 0 run(s), 0 hit(s), 0 error(s), 0 left on base; Amarillo 0 - Richmond 0
BOTTOM OF THE 1ST
Richmond Flairs batting - Pitching for Amarillo Archdukes : RHP Raymond Gregg
Pitching: RHP Raymond Gregg
Batting: LHB R.J. Courtney 0-0: Swinging Strike
0-1: Foul Ball, location: 2F
0-2: Ball
1-2: Ground out U3 (Groundball, 3D)
Batting: RHB Mario López 0-0: Fly out, F3 (Popup, 3)
Batting: SHB António Enríquez 0-0: Swinging Strike
0-1: Ball
1-1: Ball
2-1: Ball
3-1: Base on Balls
Batting: LHB Roland Jones 0-0: Ball
1-0: Ball
2-0: Foul Ball, location: 2F
2-1: Ball
3-1: Base on Balls
António Enríquez to second
Batting: RHB Elliott Johnston 0-0: Hit by Pitch
António Enríquez to third
Roland Jones to second
Batting: RHB R.J. Crosby 0-0: Ball
1-0: GRAND SLAM HOME RUN (Flyball, 7D), Distance : 360 ft
Batting: RHB Miguel Hernández 0-0: Called Strike
0-1: Ball
1-1: Ball
2-1: Foul Ball, location: 2F
2-2: Ball
3-2: Foul Ball, location: 2F
3-2: Foul Ball, location: 2F
3-2: Ground out 5-3 (Groundball, 5L)
Bottom of the 1st over - 4 run(s), 1 hit(s), 0 error(s), 0 left on base; Amarillo 0 - Richmond 4
TOP OF THE 2ND
Amarillo Archdukes batting - Pitching for Richmond Flairs : RHP Jack Walker
Batting: RHB Herb Bunch 0-0: Swinging Strike
0-1: Ball
1-1: Swinging Strike
1-2: Ball
2-2: Strikes out swinging
Batting: RHB Nobuharu Hoshino 0-0: Foul Ball, location: 2F
0-1: Called Strike
0-2: Foul Ball, location: 2F
0-2: Fly out, F8 (Flyball, 8LM)
Batting: LHB John Frost 0-0: Ball
1-0: Foul Ball, location: 2F
1-1: Swinging Strike
1-2: Strikes out swinging
Top of the 2nd over - 0 run(s), 0 hit(s), 0 error(s), 0 left on base; Amarillo 0 - Richmond 4
BOTTOM OF THE 2ND
Richmond Flairs batting - Pitching for Amarillo Archdukes : RHP Raymond Gregg
Batting: RHB Gary Thomas 0-0: Fly out, F6 (Popup, 56D)
Batting: SHB Carlos Reyes 0-0: Called Strike
0-1: Ball
1-1: Swinging Strike
1-2: Foul Ball, location: 2F
1-2: Fly out, F7 (Flyball, 7S)
Batting: LHB R.J. Courtney 0-0: Foul Ball, location: 2F
0-1: Foul Ball, location: 2F
0-2: Ball
1-2: Foul Ball, location: 2F
1-2: SINGLE (Groundball, 4MD)
Batting: RHB Mario López 0-0: Ball
Throwing error on steal attempt, E2
R.J. Courtney to third
1-0: Foul Ball, location: 2F
1-1: Ball
2-1: Swinging Strike
2-2: Foul Ball, location: 2F
2-2: Ball
3-2: Ground out 1-3 (Groundball, 13)
Bottom of the 2nd over - 0 run(s), 1 hit(s), 1 error(s), 1 left on base; Amarillo 0 - Richmond 4
TOP OF THE 3RD
Amarillo Archdukes batting - Pitching for Richmond Flairs : RHP Jack Walker
Batting: RHB Norm Francis 0-0: Fly out, F8 (Flyball, 8LS)
Batting: RHB Tony Quinn 0-0: Called Strike
0-1: Ball
1-1: Called Strike
1-2: Foul Ball, location: 2F
1-2: Strikes out swinging
Batting: RHB Esteban Lara 0-0: Ball
1-0: Fly out, F7 (Flyball, 7)
Top of the 3rd over - 0 run(s), 0 hit(s), 0 error(s), 0 left on base; Amarillo 0 - Richmond 4
BOTTOM OF THE 3RD
Richmond Flairs batting - Pitching for Amarillo Archdukes : RHP Raymond Gregg
Batting: SHB António Enríquez 0-0: Called Strike
0-1: Swinging Strike
0-2: Fly out, F3 (Line Drive, 34)
Batting: LHB Roland Jones 0-0: Ball
1-0: Foul Ball, location: 2F
1-1: Ball
2-1: DOUBLE (Flyball, 7LD)
Batting: RHB Elliott Johnston 0-0: Foul Ball, location: 2F
0-1: Called Strike
0-2: Fly out, F8 (Flyball, 8LM)
Batting: RHB R.J. Crosby 0-0: Ground out 4-3 (Groundball, 4)
Bottom of the 3rd over - 0 run(s), 1 hit(s), 0 error(s), 1 left on base; Amarillo 0 - Richmond 4
TOP OF THE 4TH
Amarillo Archdukes batting - Pitching for Richmond Flairs : RHP Jack Walker
Batting: SHB Álex Hernández 0-0: Ball
1-0: Foul Ball, location: 2F
1-1: Ball
2-1: SINGLE (Flyball, 6MD)
Batting: LHB Edwin Ryan 0-0: Ball
Álex Hernández steals 2nd base
1-0: Ball
2-0: Ball
3-0: Called Strike
3-1: Swinging Strike
3-2: Strikes out swinging
Batting: LHB Michael Cook 0-0: Ball
1-0: Called Strike
1-1: Called Strike
1-2: Strikes out swinging
Batting: RHB Herb Bunch 0-0: Ball
1-0: Foul Ball, location: 2F
1-1: Called Strike
1-2: Ball
2-2: Ball
3-2: Fly out, F9 (Flyball, 9S)
Top of the 4th over - 0 run(s), 1 hit(s), 0 error(s), 1 left on base; Amarillo 0 - Richmond 4
BOTTOM OF THE 4TH
Richmond Flairs batting - Pitching for Amarillo Archdukes : RHP Raymond Gregg
Batting: RHB Miguel Hernández 0-0: Called Strike
0-1: Ball
1-1: Ball
2-1: Ground out 6-3 (Groundball, 6)
Batting: RHB Gary Thomas 0-0: Ball
1-0: Called Strike
1-1: Ball
2-1: SOLO HOME RUN (Flyball, 7LD), Distance : 330 ft
Batting: SHB Carlos Reyes 0-0: Ball
1-0: Swinging Strike
1-1: Called Strike
1-2: Foul Ball, location: 2F
1-2: Foul Ball, location: 2F
1-2: Foul Ball, location: 2F
1-2: Ball
2-2: Ball
3-2: Strikes out swinging
Batting: LHB R.J. Courtney 0-0: Called Strike
0-1: Ball
1-1: Ball
2-1: Ball
3-1: Swinging Strike
3-2: Foul Ball, location: 2F
3-2: Strikes out swinging
Bottom of the 4th over - 1 run(s), 1 hit(s), 0 error(s), 0 left on base; Amarillo 0 - Richmond 5
TOP OF THE 5TH
Amarillo Archdukes batting - Pitching for Richmond Flairs : RHP Jack Walker
Batting: RHB Nobuharu Hoshino 0-0: Called Strike
0-1: Ball
1-1: Foul Ball, location: 2F
1-2: Ball
2-2: Foul Ball, location: 2F
2-2: DOUBLE (Line Drive, 8LXD)
Batting: LHB John Frost 0-0: Called Strike
0-1: Foul Ball, location: 2F
0-2: Ball
1-2: Ball
2-2: Ball
3-2: Foul Ball, location: 2F
3-2: Strikes out swinging
Batting: RHB Norm Francis 0-0: Ball
1-0: Ball
2-0: Ground out 5-3 (Groundball, 5L)
Batting: RHB Tony Quinn 0-0: Called Strike
0-1: Ground out 6-3 (Groundball, 56)
Top of the 5th over - 0 run(s), 1 hit(s), 0 error(s), 1 left on base; Amarillo 0 - Richmond 5
BOTTOM OF THE 5TH
Richmond Flairs batting - Pitching for Amarillo Archdukes : RHP Raymond Gregg
Pitching: RHP José Abacil
Batting: RHB Mario López 0-0: Ball
1-0: Ball
2-0: Foul Ball, location: 2F
2-1: Foul Ball, location: 2F
2-2: Strikes out swinging
Batting: SHB António Enríquez 0-0: Swinging Strike
0-1: Ball
1-1: SINGLE (Line Drive, 4M)
Batting: LHB Roland Jones 0-0: Swinging Strike
0-1: Reaches on Catchers interference
António Enríquez to second
Batting: RHB Elliott Johnston 0-0: Ball
1-0: Swinging Strike
1-1: Foul Ball, location: 2F
1-2: Strikes out swinging
Batting: RHB R.J. Crosby 0-0: Called Strike
0-1: Ground out 1-3 (Groundball, 13)
Bottom of the 5th over - 0 run(s), 1 hit(s), 1 error(s), 2 left on base; Amarillo 0 - Richmond 5
TOP OF THE 6TH
Amarillo Archdukes batting - Pitching for Richmond Flairs : RHP Jack Walker
Batting: RHB Esteban Lara 0-0: Swinging Strike
0-1: Called Strike
0-2: Strikes out looking
Batting: SHB Álex Hernández 0-0: Ball
1-0: Foul Ball, location: 2F
1-1: Foul Ball, location: 2F
1-2: Foul Ball, location: 2F
1-2: Strikes out looking
Batting: LHB Edwin Ryan 0-0: SINGLE (Groundball, 4MD)
Batting: LHB Michael Cook 0-0: Ball
1-0: Ball
2-0: Foul Ball, location: 2F
2-1: 2-RUN HOME RUN (Line Drive, 89XD), Distance : 379 ft
Batting: RHB Herb Bunch 0-0: Ball
1-0: Called Strike
1-1: Ball
2-1: Swinging Strike
2-2: Foul Ball, location: 2F
2-2: Strikes out swinging
Top of the 6th over - 2 run(s), 2 hit(s), 0 error(s), 0 left on base; Amarillo 2 - Richmond 5
BOTTOM OF THE 6TH
Richmond Flairs batting - Pitching for Amarillo Archdukes : RHP José Abacil
Batting: RHB Miguel Hernández 0-0: Fly out, F8 (Flyball, 8RXD)
Batting: RHB Gary Thomas 0-0: Ball
1-0: Swinging Strike
1-1: Ground out 6-3 (Groundball, 6)
Batting: SHB Carlos Reyes 0-0: Called Strike
0-1: SINGLE (Flyball, 8LS)
Batting: LHB R.J. Courtney 0-0: Ball
1-0: Called Strike
1-1: Foul Ball, location: 2F
1-2: Ball
Pickoff Throw by Catcher to First - Error! E2
Carlos Reyes to second
2-2: Ground out U3 (Groundball, 3L)
Bottom of the 6th over - 0 run(s), 1 hit(s), 1 error(s), 1 left on base; Amarillo 2 - Richmond 5
TOP OF THE 7TH
Amarillo Archdukes batting - Pitching for Richmond Flairs : RHP Jack Walker
Batting: RHB Nobuharu Hoshino 0-0: Ball
1-0: Called Strike
1-1: Called Strike
1-2: SINGLE (Line Drive, 4D)
Batting: LHB John Frost 0-0: Ball
1-0: Ball
2-0: Ball
3-0: Called Strike
3-1: Ground out 4-3 (Groundball, 34)
Nobuharu Hoshino to second
Pitching: RHP Gustavo Ramos
Batting: RHB Norm Francis 0-0: Ball
1-0: Called Strike
1-1: Ball
2-1: Called Strike
2-2: Ball
3-2: SINGLE (Line Drive, 56)
Nobuharu Hoshino to third
Runner from 3rd tries for Home, SAFE, throw made home
Norm Francis to second
Batting: RHB Tony Quinn 0-0: Swinging Strike
0-1: Ball
1-1: Ball
2-1: Called Strike
2-2: Ball
3-2: Ground out 1-3 (Groundball, 13S)
Norm Francis to third
Batting: RHB Esteban Lara 0-0: Ball
1-0: DOUBLE (Line Drive, 78M)
Norm Francis scores
Batting: SHB Álex Hernández 0-0: Foul Ball, location: 2F
0-1: Foul Ball, location: 2F
0-2: Ball
1-2: Foul Ball, location: 2F
1-2: Ball
2-2: Fly out, F4 (Popup, 4)
Top of the 7th over - 2 run(s), 3 hit(s), 0 error(s), 1 left on base; Amarillo 4 - Richmond 5
BOTTOM OF THE 7TH
Richmond Flairs batting - Pitching for Amarillo Archdukes : RHP José Abacil
Batting: RHB Mario López 0-0: SINGLE (Line Drive, 78S)
Batting: SHB António Enríquez 0-0: SINGLE (Line Drive, 8LS)
Mario López to second
Batting: LHB Roland Jones 0-0: Ball
1-0: Swinging Strike
1-1: Ball
2-1: Foul Ball, location: 2F
2-2: Ball
3-2: 3-RUN HOME RUN (Flyball, 78XD), Distance : 390 ft
Pitching: RHP Pedro Lara
Batting: RHB Elliott Johnston 0-0: Called Strike
0-1: Ball
1-1: Fly out, F9 (Line Drive, 89S)
Batting: RHB R.J. Crosby 0-0: Called Strike
0-1: Ball
1-1: Ball
2-1: Ground out 6-3 (Groundball, 56)
Batting: RHB Miguel Hernández 0-0: Called Strike
0-1: Foul Ball, location: 2F
0-2: Strikes out looking
Bottom of the 7th over - 3 run(s), 3 hit(s), 0 error(s), 0 left on base; Amarillo 4 - Richmond 8
TOP OF THE 8TH
Amarillo Archdukes batting - Pitching for Richmond Flairs : RHP Gustavo Ramos
Batting: LHB Edwin Ryan 0-0: Ball
1-0: Ball
2-0: Ball
3-0: Base on Balls
Batting: LHB Michael Cook 0-0: Called Strike
0-1: Called Strike
0-2: Strikes out swinging
Batting: RHB Herb Bunch 0-0: Foul Ball, location: 2F
0-1: Called Strike
0-2: Ball
1-2: Foul Ball, location: 2F
1-2: Ball
2-2: Ball
3-2: Fly out, F7 (Flyball, 7LSF)
Batting: RHB Nobuharu Hoshino 0-0: Called Strike
0-1: Swinging Strike
0-2: Foul Ball, location: 2F
0-2: Foul Ball, location: 2F
0-2: Ball
1-2: Ball
2-2: Foul Ball, location: 2F
2-2: Ball
3-2: Foul Ball, location: 2F
3-2: Strikes out looking
Top of the 8th over - 0 run(s), 0 hit(s), 0 error(s), 1 left on base; Amarillo 4 - Richmond 8
BOTTOM OF THE 8TH
Richmond Flairs batting - Pitching for Amarillo Archdukes : RHP Pedro Lara
Batting: RHB Gary Thomas 0-0: Ball
1-0: Ball
2-0: Called Strike
2-1: Swinging Strike
2-2: Ball
3-2: Strikes out swinging
Batting: SHB Carlos Reyes 0-0: Ball
1-0: SINGLE (Line Drive, 9LM)
Batting: LHB R.J. Courtney 0-0: Ball
1-0: Ball
2-0: Called Strike
2-1: Ball
3-1: Swinging Strike
3-2: Base on Balls
Carlos Reyes to second
Batting: RHB Mario López 0-0: Called Strike
0-1: Ball
1-1: Ball
2-1: Ball
3-1: Called Strike
3-2: Base on Balls
Carlos Reyes to third
R.J. Courtney to second
Batting: SHB António Enríquez 0-0: Fly out, F8 (Flyball, 8LXD)
Runner from 3rd tags up, SCORES, no throw
R.J. Courtney to third
Batting: LHB Roland Jones 0-0: Called Strike
0-1: Called Strike
0-2: Foul Ball, location: 2F
0-2: Ball
1-2: Foul Ball, location: 2F
1-2: Strikes out looking
Bottom of the 8th over - 1 run(s), 1 hit(s), 0 error(s), 2 left on base; Amarillo 4 - Richmond 9
TOP OF THE 9TH
Amarillo Archdukes batting - Pitching for Richmond Flairs : RHP Gustavo Ramos
Now at 1B: Liangde Que
Batting: LHB John Frost 0-0: Foul Ball, location: 2F
0-1: Called Strike
0-2: Ball
1-2: Ball
2-2: Strikes out swinging
Batting: RHB Norm Francis 0-0: Called Strike
0-1: Called Strike
0-2: SINGLE (Groundball, 25) (infield hit)
Batting: RHB Tony Quinn 0-0: Called Strike
0-1: Foul Ball, location: 2F
0-2: Ball
1-2: Strikes out looking
Batting: RHB Esteban Lara 0-0: Fly out, F9 (Flyball, 9LS)
Top of the 9th over - 0 run(s), 1 hit(s), 0 error(s), 1 left on base; Amarillo 4 - Richmond 9
Tuesday, August 8th, 2017 - OOTP Baseball 17.12 Build 75